 Dungeon Crawl Stone Soup version 0.28-a0-1184-g53156a8862 (webtiles) character file.

Game seed: 14571143551678517243

41 frimble the Cutter (level 3, -1/27 HPs)
             Began as a Demonspawn Warper on Dec 18, 2021.
             Slain by an adder (4 damage)
             ... on level 2 of the Dungeon.
             The game lasted 00:02:38 (1616 turns).

frimble the Cutter (Demonspawn Warper)              Turns: 1616, Time: 00:02:39

Health: -1/27      AC:  3    Str: 11    XL:     3   Next: 32%
Magic:  4/6        EV: 11    Int: 16    God:
Gold:   47         SH:  0    Dex: 12    Spells: 4/6 levels left

rFire   . . .      SeeInvis .   a - +0 short sword
rCold   . . .      Faith    .   (no shield)
rNeg    . . .      Spirit   .   b - +0 leather armour
rPois   .          Reflect  .   (no helmet)
rElec   .          Harm     .   (no cloak)
rCorr   .          Rampage  .   (no gloves)
Will    .....                   (no boots)
Stlth   +.........              (no amulet)
HPRegen 0.09/turn               (no ring)
MPRegen 0.10/turn               (no ring)

@: attractive
A: powered by death 1, powered by pain 1
a: no special abilities


You were on level 2 of the Dungeon.
You visited 1 branch of the dungeon, and saw 2 of its levels.

You collected 47 gold pieces.

Inventory:

Hand Weapons
 a - a +0 short sword (weapon)
Missiles
 d - 5 boomerangs of dispersal
 f - 2 boomerangs (quivered)
Armour
 b - a +0 leather armour (worn)
Scrolls
 c - a scroll of blinking
 g - a scroll of identify
 h - a scroll of fear
 i - 2 scrolls of teleportation


   Skills:
 - Level 2.0 Fighting
 + Level 3.4 Short Blades
 - Level 0.8 Throwing
 - Level 0.8 Armour
 - Level 1.7 Dodging
 - Level 2.0 Spellcasting
 - Level 2.6 Translocations


You had 4 spell levels left.
You knew the following spells:

 Your Spells              Type           Power      Damage    Failure   Level
a - Blink                 Tloc           20%        N/A       14%         2

Your spell library contained the following spells:

 Spells                   Type           Power      Damage    Failure   Level
 Gell's Gravitas          Tloc           10%        N/A       26%         3
 Lesser Beckoning         Tloc           10%        N/A       26%         3
 Teleport Other           Tloc           10%        N/A       26%         3
 Ensorcelled Hibernation  Hex/Ice        2%         N/A       38%         2
 Tukima's Dance           Hex            1%         N/A       63%         3
 Manifold Assault         Tloc           10%        N/A       94%         5


Dungeon Overview and Level Annotations

Branches:
Dungeon (2/15)

Altars:


Innate Abilities, Weirdness & Mutations

You regenerate a little health from kills.
You sometimes gain a little power by taking damage.


Message History

The adder bites you.
* * * LOW HITPOINT WARNING * * *
Casting: Blink (safe; 14% risk of failure)
Confirm with . or Enter, or press ? or * to list all spells.
You blink.
Throw: 2 boomerangs
Press: ? - help, Q - select action, (/) - cycle Shift-Dir - straight line, f - adder
Aim: an adder (lightly wounded, 38% to hit)
You throw a boomerang. The boomerang hits the adder.
The adder is heavily wounded.
The adder closely misses you.
You hit the adder.
The adder is heavily wounded.
The adder bites you.
* * * LOW HITPOINT WARNING * * *
You closely miss the adder.
The adder is heavily wounded.
The adder closely misses you.
It was a potion of attraction.
You feel attractive to monsters.
You feel stable enough to blink again. The adder bites you.
* * * LOW HITPOINT WARNING * * *
You barely miss the adder.
The adder is heavily wounded.
The adder barely misses you. The adder bites you.
* * * LOW HITPOINT WARNING * * *
You aren't carrying any potions.
Unknown command.
Unknown command.
You aren't carrying any items that you can evoke.
You aren't carrying any potions.
Unknown command.
Unknown command.
You hit the adder.
The adder is almost dead.
The adder bites you but does no damage.
You closely miss the adder.
The adder is almost dead.
The adder bites you.
You die...

# .###.....# .#.....# #
.........# .#.##.#
##......# .# # ##..##..#
.. #[......# ##
#..#.#..### #..#.#....# #
# #..).#....# .# #
##.###..@.# .# #
##.......S.# ..#.. ###
#.......##.#......
..######.########..#
#.#..........##..).......
#.#.#####.##.##.......###
#.#.# .# #$......# #.#.#
.. #........# #.#.### ###
#.....?..#


You could see an adder.

Vanquished Creatures
  An adder (D:2)
  A worm (D:2)
  A dart slug (D:1)
  A giant cockroach (D:2)
  A goblin (D:1)
  3 hobgoblins
  2 jackals (D:1)
  A quokka (D:1)
  4 ball pythons
  4 bats (D:1)
  A frilled lizard (D:1)
  3 kobolds (D:2)
  4 rats
27 creatures vanquished.

Notes
Turn   | Place    | Note
-------+----------+-------------------------------------------
     0 | D:1      | frimble the Demonspawn Warper began the quest for the Orb.
     0 | D:1      | Reached XP level 1. HP: 16/16 MP: 3/3
    26 | D:1      | Reached skill level 2 in Short Blades
   334 | D:1      | Gained mutation: You sometimes gain a little power by
                  | taking damage. [demonic ancestry]
   334 | D:1      | Reached XP level 2. HP: 18/22 MP: 5/5
   342 | D:1      | Learned a level 2 spell: Blink
   706 | D:1      | Found a faded altar of an unknown god.
   955 | D:1      | Reached skill level 3 in Short Blades
  1224 | D:2      | Gained mutation: You regenerate a little health from kills.
                  | [demonic ancestry]
  1224 | D:2      | Reached XP level 3. HP: 24/27 MP: 6/6
  1616 | D:2      | Slain by an adder

Illustrated notes

Levels and vault maps discovered:
D:1:      minmay_arrival_wavy_path, layout_loops_corners,
          shapermc_ecumenical_altar_acropolis, hangedman_decor_slide_cut,
          st_stairs_9, chequers_serial_rivers_micro_c,
          chequers_serial_rivers_micro_b
D:2:      layout_basic

Skill      XL: |  1  2 |
---------------+-------+-----
Short Blades   | 2 3 |  3.4
Fighting       | |  2.0
Throwing       | |  0.8
Armour         | |  0.8
Dodging        | |  1.7
Spellcasting   | |  2.0
Translocations | |  2.6

Action                   || total
-------------------------++-------
Melee: Short sword       ||   130
Throw: Boomerang         ||    10
 Cast: Blink             ||     1
  Use: Scroll            ||     3
       Potion            ||     1
Armor: Leather armour    ||    42
Dodge: Dodged            ||   102

Table legend: (Time is in decaauts)
 A = Elapsed time spent in this place.
 B = Non-inter-level travel time spent in this place.
 C = Inter-level travel time spent in this place.
 D = Time resting spent in this place.
 E = Time spent auto-exploring this place.
 F = Levels seen in this place.
 G = Mean time per level.
                   A        B        C        D        E       F      G
               +--------+--------+--------+--------+--------+-----+--------+
         Total |   1614 |   1614 |      0 |    237 |    975 |   2 |  807.0 |
       Dungeon |   1614 |   1614 |      0 |    237 |    975 |   2 |  807.0 |
               +--------+--------+--------+--------+--------+-----+--------+

Top non-repeatable levels by time:
     D:1: 956 daAuts
     D:2: 658 daAuts
